 Dungeon Crawl Stone Soup version 0.31-a0-1074-g0b22e4e0f1 (webtiles) character file.

Game seed: 12508068094229658538

424 timneilson the Ruffian (level 6, -1/42 HPs)
             Began as an Octopode Shapeshifter on Dec 5, 2023.
             Slain by a wight
             ... wielding a +2 great sword
              (14 damage)
             ... on level 4 of the Dungeon.
             The game lasted 00:04:41 (2531 turns).

timneilson the Ruffian (Octopode Shapeshifter)      Turns: 2531, Time: 00:04:41

Health: -1/42      AC:  1    Str: 22    XL:     6   Next: 96%
Magic:  6/6        EV: 14    Int: 12    God:
Gold:   242        SH:  0    Dex: 11    Spells: 5/5 levels left

rFire   . .          .
                       - Unarmed
rCold   . . .        (no shield)
rNeg    . . .        (helmet currently unavailable)
rPois   .            (no amulet)
rElec   .            g - +6 ring of strength
rCorr   .            (no ring)
SInv    .            (no ring)
Will    .....        (no ring)
Stlth   +++          (no ring)
HPRegen 0.27/turn    (no ring)
MPRegen 0.10/turn    (no ring)
                     (no ring)

%: no passive effects
@: beast-form
A: beast (slay +2), almost no armour, amphibious, 8 rings, camouflage 1,
gelatinous body 1, (nimble swimmer 1), tentacles
a: Begin Untransformation


You were on level 4 of the Dungeon.
You were a hulking beast.
You visited 2 branches of the dungeon, and saw 5 of its levels.

You collected 242 gold pieces.

Inventory:

Jewellery
 g - a +6 ring of strength (left tentacle)
 h - a ring of fire
Talismans
 b - a beast talisman
 c - a flux talisman
Wands
 d - a wand of quicksilver (11)
 n - a wand of flame (17)
 o - a wand of paralysis (1)
Scrolls
 i - a scroll of revelation
Potions
 a - a potion of lignification
 e - 3 potions of curing
 f - 4 potions of enlightenment
 j - a potion of brilliance {unknown}
 k - a potion of ambrosia {unknown}
 l - 4 potions of resistance
 m - a potion of mutation {unknown}
 p - a potion of magic {unknown}


   Skills:
 * Level 3.3 Fighting
 * Level 3.8 Dodging
 + Level 3.1 Stealth
 * Level 4.5 Unarmed Combat
 + Level 1.4 Evocations
 + Level 3.5 Shapeshifting


You had 5 spell levels left.
You didn't know any spells.
Your spell library contained the following spells:

 Spells                   Type           Power      Damage    Failure   Level
 Lesser Beckoning         Tloc           0%         N/A       45%         2
 Scorch                   Fire           0%         2d5       45%         2
 Dazzling Flash           Conj/Hex       0%         N/A       69%         3
 Gell's Gravitas          Tloc           0%         N/A       69%         3
 Teleport Other           Tloc           0%         N/A       69%         3
 Volatile Blastmotes      Fire/Tloc      0%         2d10      69%         3
 Flame Wave               Conj/Fire      0%         2d4       97%         4
 Starburst                Conj/Fire      0%         6d3       100%        6
 Summon Cactus Giant      Summ           0%         N/A       100%        6
 Maxwell's Capacitive Co  Air            0%         ∞         100%        8


Dungeon Overview and Level Annotations

Branches:
Dungeon (4/15)             Temple (1/1) D:4

Altars:
Ashenzari
Fedhas
Hepliaklqana
Kikubaaqudgha
Makhleb
Nemelex Xobeh
Okawaru
Qazlal
Ru
Sif Muna
Trog
Wu Jian
Zin
The Shining One

Shops:
D:1 *


Innate Abilities, Weirdness & Mutations

You are a hulking beast.
Your limbs bulge with bestial killing power. (Slay +2)
You cannot wear most types of armour.
You are amphibious.
You can wear up to eight rings at the same time.
Your skin changes colour to match your surroundings (Stealth+).
Your rubbery body absorbs attacks. (AC +1, EV +1)
((You are camouflaged when in or above water. (Stealth+)))
You have tentacles for arms and can constrict up to eight enemies at once.


Message History

You kill the giant cockroach!
A wight and an adder come into view.
The wight moves out of view.
An adder is nearby!
The adder hisses angrily.
The adder misses you.
You bludgeon the adder! Your grab misses the adder.
The adder is almost dead.
The adder closely misses you.
A wight comes into view.
It is wielding a +2 short sword of freezing.
You bludgeon the adder!
You kill the adder!
You closely miss the wight. Your grab misses the wight.
You squeeze the wight, but do no damage.
You closely miss the wight. Your grab misses the wight.
The wight hits you with a +1 flail!
You feel drained.
You tentacle-slap the wight. Your grab misses the wight. You squeeze the wight.
The wight is severely damaged.
The wight hits you with a +1 flail.
You feel drained.
You bludgeon the wight!
You destroy the wight!
The wight throws a stone.
The stone closely misses you.
The wight throws a stone.
The stone hits you.
The wight throws a stone.
The stone barely misses you.
The wight throws a stone.
The stone completely misses you.
You tentacle-slap the wight. You grab the wight. You squeeze the wight!
The wight is severely damaged.
You constrict the wight.
The wight hits you with a +2 short sword of freezing!
The wight freezes you.
You tentacle-slap the wight but do no damage.
The wight is almost destroyed.
You constrict the wight.
You destroy the wight!
Your life force feels restored.
Your Stealth skill increases to level 3!
You tentacle-slap the wight but do no damage.
Your grab misses the wight. Your squeeze misses the wight.
The wight hits you with a +2 great sword!
You die...

###.#.#.#
#......#
#..#.#.## #
#.......# #
......##.# #
.#####.##.#
#.# #
######.######
...
#...........#
###
#h####.####.#
## #z# ....
.. #)#
##.##.# ##
#.# ... # ...
._. ##.#.
.z.#
#.#z##.## #.#
. #.# ##


You could see a wight.

Vanquished Creatures
  A scorpion (D:4)
  2 wights (D:4)
  A hound (D:4)
  2 jellies (D:4)
  Terence (D:2)
  An iguana (D:4)
  8 adders
  A dart slug (D:2)
  5 bats
  5 endoplasms
  5 giant cockroaches
  6 goblins
  5 hobgoblins
  2 jackals (D:1)
  4 kobolds
  2 quokkas
  3 ball pythons
  2 frilled lizards
  6 rats
62 creatures vanquished.

Notes
Turn   | Place    | Note
-------+----------+-------------------------------------------
     0 | D:1      | timneilson the Octopode Shapeshifter began the quest for
                  | the Orb.
     0 | D:1      | Reached XP level 1. HP: 13/13 MP: 1/1
   167 | D:1      | Reached XP level 2. HP: 17/18 MP: 2/2
   356 | D:1      | You fall into a shaft and drop 1 floor!
   365 | D:2      | Noticed Terence
   478 | D:1      | Found Lyjiesch's Assorted Antiques.
   650 | D:2      | Reached XP level 3. HP: 23/23 MP: 3/3
   691 | D:2      | Reached skill level 1 in Stealth
   784 | D:2      | Killed Terence
   785 | D:2      | Reached XP level 4. HP: 13/29 MP: 4/4
  1327 | D:3      | Found a faded altar of an unknown god.
  1392 | D:3      | Identified the +0 chain mail "Joulygga" {rElec}
  1719 | D:3      | Reached XP level 5. HP: 35/35 MP: 5/5
  1817 | D:4      | Found a staircase to the Ecumenical Temple.
  1825 | Temple   | Entered the Ecumenical Temple
  1848 | D:4      | HP: 1/35 [acid (6)]
  2045 | D:4      | Found a glowing golden altar of the Shining One.
  2058 | D:4      | Reached skill level 4 in Unarmed Combat
  2111 | D:4      | Reached XP level 6. HP: 39/41 MP: 6/6
  2168 | D:4      | Found a blossoming altar of Fedhas.
  2168 | D:4      | Found a hazy altar of Hepliaklqana.
  2192 | D:4      | Reached skill level 1 in Evocations
  2340 | D:4      | Identified the staff "Octopus's Doom" {*Slow rElec rF++
                  | Will+ Conj}
  2506 | D:4      | Found a sacrificial altar of Ru.
  2531 | D:4      | Slain by a wight

Illustrated notes

Levels and vault maps discovered:
D:1:      amcnicky_arrival_gap_in_the_tavern_cellar, layout_rooms, serial_shops,
          shop, corexii_hall_statues_deadend
D:2:      layout_rooms, chequers_serial_rivers_room_b, uniq_terence
D:3:      layout_loops_ring, ebering_ecumenical_altar_ruins, minmay_vboxes
D:4:      layout_loops_ring, tso_metal_star, nicolae_ru_sacrificial_ziggurat,
          jmf_multi_god_temple, temple_statues
Temple:   dpeg_chambers_temple

Skill      XL: |  1  2  3  4  5  6 |
---------------+-------------------+-----
Stealth        | 1 2 3 |  3.1
Fighting       | 2 3 |  3.3
Dodging        | 3 |  3.8
Unarmed Combat | 4 |  4.5
Evocations     | 1 |  1.4
Shapeshifting  | |  3.5

Action                     |  1- 3 |  4- 6 || total
---------------------------+-------+-------++-------
  Melee: Unarmed           |    47 |    69 ||   116
         Tentacles         |    10 |    13 ||    23
         Constrict         |    11 |    13 ||    24
         Punch             |     2 |     2 ||     4
    Use: Scroll            |     5 |     5 ||    10
   Stab: Sleeping          |     6 |     6 ||    12
 Armour: Skin              |    24 |    29 ||    53
  Dodge: Dodged            |    33 |    34 ||    67

Table legend: (Time is in decaauts)
 A = Elapsed time spent in this place.
 B = Non-inter-level travel time spent in this place.
 C = Inter-level travel time spent in this place.
 D = Time resting spent in this place.
 E = Time spent auto-exploring this place.
 F = Levels seen in this place.
 G = Mean time per level.
                   A        B        C        D        E       F      G
               +--------+--------+--------+--------+--------+-----+--------+
         Total |   2521 |   2457 |     64 |    287 |   1583 |   5 |  504.2 |
       Dungeon |   2519 |   2455 |     64 |    287 |   1583 |   4 |  629.8 |
        Temple |      1 |      1 |      0 |      0 |      0 |   1 |    1.0 |
               +--------+--------+--------+--------+--------+-----+--------+

Top non-repeatable levels by time:
     D:4: 731 daAuts
     D:3: 613 daAuts
     D:1: 604 daAuts
     D:2: 570 daAuts
  Temple: 1 daAuts
